 Dungeon Crawl Stone Soup version 0.27-a0-1332-g84bddb5ca7 (webtiles) character file.

Game seed: 14991359360225261698

210 tilp the Caller (level 5, 0/38 HPs)
             Began as a Barachi Summoner on June 25, 2021.
             Was an Initiate of Okawaru.
             Slain by Pikel (8 damage)
             ... on level 4 of the Dungeon.
             The game lasted 00:09:26 (6461 turns).

tilp the Caller (Barachi Summoner)                  Turns: 6461, Time: 00:09:27

Health: 0/38       AC:  8    Str: 10    XL:     5   Next: 87%
Magic:  1/10       EV: 10    Int: 22    God:    Okawaru [......]
Gold:   194        SH:  0    Dex: 12    Spells: 5/11 levels left

rFire    . . .     SeeInvis .   a - +0 hand axe
rCold    . . .     Faith    .   (no shield)
rNeg     . . .     Spirit   .   q - +0 ring mail
rPois    .         Reflect  .   c - +2 helmet
rElec    .         Harm     .   (no cloak)
rCorr    .         Rampage  .   (no gloves)
Will     .....                  (no boots)
Stlth    +.........             (no amulet)
HPRegen  0.12/turn              j - +6 ring of intelligence
MPRegen  0.12/turn              (no ring)

@: flying, slow
A: amphibious, slowness 1, strong legs 1, +LOS
a: Hop, Renounce Religion


You were on level 4 of the Dungeon.
You worshipped Okawaru.
Okawaru was noncommittal.
You visited 2 branches of the dungeon, and saw 5 of its levels.

You collected 194 gold pieces.

Inventory:

Hand Weapons
 a - a +0 hand axe (weapon)
 b - a +0 dagger
 n - a +0 flail
Missiles
 e - 2 atropa-tipped darts (quivered)
 p - 23 poisoned darts
Armour
 c - a +2 helmet (worn)
 g - a +0 leather armour
 m - a +3 chain mail of poison resistance
 q - a +0 ring mail (worn)
Jewellery
 j - a +6 ring of intelligence (left hand)
Wands
 k - a wand of iceblast (3)
Scrolls
 h - a scroll of brand weapon {unknown}
 r - a scroll of identify {unknown}
Potions
 d - a potion of resistance {unknown}
 f - a potion of curing
 i - a potion of flight
 l - a potion of lignification {unknown}
 o - a potion of attraction {unknown}


   Skills:
 - Level 2.0 Fighting
 - Level 2.1 Dodging
 - Level 1.7 Stealth
 + Level 3.6 Spellcasting
 + Level 7.1 Summonings


You had 5 spell levels left.
You knew the following spells:

 Your Spells              Type           Power      Damage    Failure   Level
a - Summon Small Mammal   Summ           100%       N/A       1%          1
b - Call Imp              Summ           35%        N/A       2%          2
c - Call Canine Familiar  Summ           35%        N/A       4%          3

Your spell library contained the following spells:

 Spells                   Type           Power      Damage    Failure   Level
 Summon Guardian Golem    Hex/Summ       19%        N/A       22%         3
 Beastly Appendage        Tmut           6%         N/A       30%         1
 Wereblood                Tmut           3%         N/A       43%         2
 Summon Ice Beast         Ice/Summ       19%        N/A       56%         4
 Summon Lightning Spire   Summ/Air       19%        N/A       56%         4
 Spider Form              Tmut/Pois      1%         N/A       67%         3
 Ice Form                 Ice/Tmut       3%         N/A       97%         4


Dungeon Overview and Level Annotations

Branches:
Dungeon (4/15)             Temple (1/1) D:4

Altars:
Ashenzari
Dithmenos
Elyvilon
Fedhas
Hepliaklqana
Makhleb
Nemelex Xobeh
Okawaru
Qazlal
Ru
Sif Muna
Trog
Uskayaw
Vehumet
Wu Jian
Yredelemnul
Zin
The Shining One

Annotations:
D:4 Pikel


Innate Abilities, Weirdness & Mutations

You are amphibious.
You cover ground slowly.
You can hop short distances.
You have an extended range of vision and can be seen from far away.


Message History

Confirm with . or Enter, or press ? or * to list all spells.
You don't have enough magic to cast this spell.
Casting: Call Imp (safe; 2% risk of failure)
Confirm with . or Enter, or press ? or * to list all spells.
A beastly little devil appears in a puff of flame.
Pikel hits you with a +1 whip of flaming.
Pikel burns you.
You hit Pikel.
Pikel is almost dead.
Your crimson imp blinks!
Pikel hits you with a +1 whip of flaming.
Pikel burns you.
Your crimson imp closely misses Pikel.
You hit Pikel but do no damage.
Pikel is almost dead.
Pikel hits you with a +1 whip of flaming.
Pikel burns you.
Your crimson imp closely misses Pikel.
Pikel hits you with a +1 whip of flaming.
Pikel burns you.
Unknown command.
Your ring mail prevents you from hitting Pikel.
Pikel is almost dead.
Your crimson imp closely misses Pikel.
Pikel hits you but does no damage.
Unknown command.
You hit Pikel.
Pikel is almost dead.
Your crimson imp hits Pikel.
Pikel waves his whip at you.
Pikel hits you with a +1 whip of flaming!
* * * LOW HITPOINT WARNING * * *
Pikel burns you.
* * * LOW HITPOINT WARNING * * *
Your crimson imp blinks!
You closely miss Pikel.
Pikel is almost dead.
Pikel hits you but does no damage.
Unknown command.
You hit Pikel but do no damage.
Pikel is almost dead.
Pikel hits you with a +1 whip of flaming!
You die...

..... #.#^. #.#.####
#.#.#..# #.#.#..#
######.#.#..#.#
.......#.#..#.####
.......#....#.##5#
#........#.##.##@# #
#.####.#.#.##.##K# #
#.#..#.#.#.##.##.# #.##
#.#..#.#.#.##.##.# #.##
#.#..#.#.#.##.##.# #.##
#.#..#.#....#.##.# #.##
#.#..#.#.#..#.##5##########
#.##
#.#..#.#.#..#.##..........#
#.##
#.#..#...#..#.###########.#
#.##


You could see Pikel (ally target) and 2 friendly crimson imps.

Vanquished Creatures
  A howler monkey (D:4)
  An ufetubus (D:4)
  An adder skeleton (D:4)
  2 orcs (D:3)
  A ball python (D:2)
  An endoplasm (D:3)
  A giant cockroach (D:3)
  2 goblins
  A hobgoblin (D:4)
  A bat (D:3)
  2 frilled lizards
  A kobold (D:2)
  A rat (D:3)
16 creatures vanquished.

Vanquished Creatures (collateral kills)
  2 lemures (D:4)
  A hound (D:4)
  A centaur skeleton (D:4)
  An iguana (D:3)
  An orc wizard (D:3)
  Ijyb (D:3)
  3 gnolls (D:3)
  2 adders (D:3)
  3 worms (D:2)
  2 dart slugs
  5 orcs
  5 endoplasms
  4 goblins
  2 hobgoblins
  4 jackals
  2 quokkas (D:1)
  3 ball pythons (D:2)
  5 bats
  A frilled lizard (D:1)
  5 kobolds
  2 rats (D:1)
55 creatures vanquished.

Vanquished Creatures (others)
  10 plants (D:4)
10 creatures vanquished.

Grand Total: 81 creatures vanquished

Notes
Turn   | Place    | Note
-------+----------+-------------------------------------------
     0 | D:1      | tilp the Barachi Summoner began the quest for the Orb.
     0 | D:1      | Reached XP level 1. HP: 13/13 MP: 3/3
   368 | D:1      | Reached skill level 1 in Fighting
   514 | D:1      | Reached XP level 2. HP: 22/22 MP: 0/5
   580 | D:1      | Learned a level 2 spell: Call Imp
   888 | D:1      | Found a faded altar of an unknown god.
  1412 | D:2      | Found a shimmering blue altar of Sif Muna.
  1509 | D:2      | Reached skill level 5 in Summonings
  2173 | D:2      | Reached XP level 3. HP: 24/27 MP: 1/6
  3109 | D:2      | Learned a level 3 spell: Call Canine Familiar
  3394 | D:3      | Noticed Ijyb
  3612 | D:3      | Reached XP level 4. HP: 20/33 MP: 1/8
  4004 | D:3      | Reached skill level 6 in Summonings
  4241 | D:3      | Killed Ijyb
  4506 | D:3      | Reached XP level 5. HP: 30/38 MP: 1/9
  5152 | D:4      | Noticed a lemure
  5153 | D:4      | Noticed a lemure
  5153 | D:4      | Noticed a lemure
  5212 | D:4      | Killed a lemure
  5214 | D:4      | Killed a lemure
  5575 | D:4      | Found a staircase to the Ecumenical Temple.
  5584 | Temple   | Entered the Ecumenical Temple
  5755 | Temple   | Became a worshipper of Warmaster Okawaru
  6189 | D:4      | Reached skill level 7 in Summonings
  6387 | D:4      | Noticed Pikel
  6461 | D:4      | Slain by Pikel

Illustrated notes

Levels and vault maps discovered:
D:1:      dpeg_arrival_boxorama, layout_basic, shapermc_ecumenical_altar_gd
D:2:      layout_basic, basic_altar, minmay_split_cup_small
D:3:      layout_rooms, uniq_ijyb
D:4:      layout_basic, minmay_temple_entry_overgrown, serial_bayou_pond_b,
          uniq_pikel
Temple:   minmay_crystal_spiral_temple

Skill      XL: |  1  2  3  4  5 |
---------------+----------------+-----
Fighting       | 1 2 |  2.0
Summonings     | 5 6 7 |  7.1
Spellcasting   | 3 |  3.6
Dodging        | |  2.1
Stealth        | |  1.7

Action                   |  1- 3 |  4- 6 || total
-------------------------+-------+-------++-------
Melee: Unarmed           |    14 |       ||    14
       Dagger            |    83 |    11 ||    94
       Hand axe          |       |    55 ||    55
Throw: Dart              |     1 |       ||     1
 Cast: Summon Small Mamm |    33 |     1 ||    34
       Call Imp          |    36 |    22 ||    58
       Call Canine Famil |     4 |    15 ||    19
Evoke: Wand              |       |     1 ||     1
  Use: Scroll            |     3 |     2 ||     5
       Potion            |       |     2 ||     2
 Stab: Distracted        |     2 |     1 ||     3
       Sleeping          |       |     2 ||     2
Armor: Robe              |    23 |       ||    23
       Leather armour    |    16 |    16 ||    32
       Ring mail         |       |     3 ||     3
Dodge: Dodged            |    66 |    52 ||   118

Table legend: (Time is in decaauts)
 A = Elapsed time spent in this place.
 B = Non-inter-level travel time spent in this place.
 C = Inter-level travel time spent in this place.
 D = Time resting spent in this place.
 E = Time spent auto-exploring this place.
 F = Levels seen in this place.
 G = Mean time per level.
                   A        B        C        D        E       F      G
               +--------+--------+--------+--------+--------+-----+--------+
         Total |   7161 |   6451 |    710 |   1061 |   4275 |   5 | 1432.2 |
       Dungeon |   6910 |   6305 |    605 |   1061 |   4131 |   4 | 1727.5 |
        Temple |    251 |    146 |    105 |      0 |    144 |   1 |  251.0 |
               +--------+--------+--------+--------+--------+-----+--------+

Top non-repeatable levels by time:
     D:2: 2709 daAuts
     D:3: 1466 daAuts
     D:4: 1422 daAuts
     D:1: 1311 daAuts
  Temple: 251 daAuts
